 Dungeon Crawl Stone Soup version 0.19.0-19-g8c6edcc (webtiles) character file.

70 Krapule the Poker (level 4, -3/37 HPs)
             Began as a Minotaur Skald on Nov 15, 2016.
             Slain by a gnoll (6 damage)
             ... on level 1 of the Dungeon.
             The game lasted 00:02:33 (1009 turns).

Krapule the Poker (Minotaur Skald)                  Turns: 1009, Time: 00:02:33

Health: -3/37      AC:  3    Str: 16    XL:     4   Next: 4%
Magic:  5/5        EV: 12    Int: 10    God:
Gold:   67         SH:  0    Dex: 10    Spells: 1 memorised, 5 levels left

rFire  . . .     SeeInvis .     a - +0 spear
rCold  . . .     Gourm    .     b - +0 leather armour
rNeg   . . .     Faith    .     (no shield)
rPois  .         Spirit   .     (helmet restricted)
rElec  .         Reflect  .     (no cloak)
rCorr  .         Harm     .     (no gloves)
MR     .....                    (no boots)
Stlth  +.........               (no amulet)
                                (no ring)
                                (no ring)

@: no status effects
A: retaliatory headbutt, horns 2
a: no special abilities


You were on level 1 of the Dungeon.
You were hungry.

You visited 1 branch of the dungeon, and saw 2 of its levels.

You collected 67 gold pieces.

Inventory:

Hand Weapons
 a - a +0 spear (weapon)
Armour
 b - a +0 leather armour (worn)
Scrolls
 e - a scroll of identify {unknown}
 j - a scroll of teleportation {unknown}
 m - a scroll of random uselessness {unknown}
 n - a scroll of recharging {unknown}
Potions
 g - a potion of lignification {unknown}
 h - a potion of ambrosia {unknown}
 k - a potion of haste {unknown}
 l - a potion of degeneration {unknown}
Books
 c - a book of Battle

   Spells                             Type                      Level
   a - Infusion                       Charms                       1
   b - Shroud of Golubria             Charms/Translocation         2
   c - Song of Slaying                Charms                       2
   d - Spectral Weapon                Hexes/Charms                 3
   e - Regeneration                   Charms/Necromancy            3
Comestibles
 d - 2 bread rations
 f - 4 fruits
 i - 4 beef jerkies
 o - 2 royal jellies


   Skills:
 + Level 2.8 Fighting
 + Level 3.3 Polearms
 + Level 2.1 Armour
 + Level 2.1 Dodging
 + Level 1.6 Spellcasting
 + Level 2.2 Charms


You had 5 spell levels left.
You knew the following spells:

 Your Spells              Type           Power        Failure   Level  Hunger
a - Infusion              Chrm           #...         17%         1    ##.....


Dungeon Overview and Level Annotations

Branches:
Dungeon (2/15)

Altars:


Innate Abilities, Weirdness & Mutations

You reflexively headbutt those who attack you in melee.
You have a pair of horns on your head.


Message History

The gnoll is moderately wounded.
The gnoll closely misses you.
You hit the gnoll but do no damage.
You headbutt the gnoll, but do no damage.
The gnoll is moderately wounded.
The gnoll hits you but does no damage.
You hit the gnoll but do no damage. Your headbutt misses the gnoll.
The gnoll is moderately wounded.
The gnoll closely misses you. You furiously retaliate!
You headbutt the gnoll. You hit the gnoll. Your headbutt misses the gnoll.
The gnoll is severely wounded.
You are feeling hungry.
The gnoll hits you.
* * * LOW HITPOINT WARNING * * *
You closely miss the gnoll.
The gnoll is severely wounded.
You hit the gnoll but do no damage.
The gnoll is severely wounded.
The gnoll hits you.
You die...

.)...#..# #..# .†...#.##
#..##### ###..#.# #......#
#..#.# ##### #.####.# #..#.#
#...# #.# #.#
#..#.####...######.# #.#
#..#.##............# #.#
#..#...........##### #.#
#..#.##......g@########.#
#..#.####...............#
###..#.####...##.##########
...............#.#
###....#######.#.# ##.#.####
#.#.# #.#....#
#.#.###########
#..#.#.####.#...†.......#
####....#...##.###########.#


You could see a gnoll.

Vanquished Creatures
  Terence (D:2)
  A gnoll (D:2)
  2 dart slugs (D:1)
  A leopard gecko (D:1)
  3 bats (D:1)
  A giant cockroach (D:1)
  2 goblins (D:1)
  5 hobgoblins (D:1)
  3 jackals (D:1)
  2 frilled lizards
  8 kobolds (D:1)
  3 rats (D:1)
32 creatures vanquished.

Notes
Turn   | Place    | Note
-------+----------+-------------------------------------------
     0 | D:1      | Krapule the Minotaur Skald began the quest for the Orb.
     0 | D:1      | Reached XP level 1. HP: 18/18 MP: 1/1
    78 | D:1      | Reached XP level 2. HP: 20/25 MP: 1/3
   465 | D:1      | Reached skill level 3 in Polearms
   586 | D:1      | Reached XP level 3. HP: 28/30 MP: 4/4
   785 | D:2      | Noticed Terence
   799 | D:2      | Killed Terence
   947 | D:2      | Reached XP level 4. HP: 27/37 MP: 5/5
  1009 | D:1      | Slain by a gnoll

Skill      XL: |  1  2  3 |
---------------+----------+-----
Polearms       | 3 |  3.3
Armour         | 2 |  2.1
Dodging        | 2 |  2.1
Fighting       | |  2.8
Spellcasting   | |  1.6
Charms         | |  2.2

Action                   |  1- 3 |  4- 6 || total
-------------------------+-------+-------++-------
Melee: Spear             |   109 |    12 ||   121
       Headbutt          |    16 |     2 ||    18
 Cast: Infusion          |     1 |       ||     1
Armor: Leather armour    |    15 |     1 ||    16
Dodge: Dodged            |    52 |     7 ||    59
